 Dungeon Crawl Stone Soup version 0.30.0-5-g1a98f26d00 (webtiles) character file.

Game seed: 4213214488701405710

270 H0rd4k the Charlatan (level 6, 0/44 HPs)
             Began as a Human Artificer on May 9, 2023.
             Slain by a sleepcap (5 damage)
             ... on level 3 of the Dungeon.
             The game lasted 00:02:51 (1915 turns).

H0rd4k the Charlatan (Human Artificer)              Turns: 1915, Time: 00:02:52

Health: 0/44       AC:  5    Str: 12    XL:     6   Next: 46%
Magic:  6/6        EV: 13    Int: 13    God:
Gold:   161        SH:  5    Dex: 20    Spells: 5/5 levels left

rFire   . . .        a - +0 club
rCold   . . .        (no shield)
rNeg    . . .        b - +0 leather armour
rPois   .            (no helmet)
rElec   .            (no cloak)
rCorr   .            n - +1 pair of gloves
SInv    .            (no boots)
Will    .....        f - amulet of reflection
Stlth   ++           m - +6 ring of dexterity
HPRegen 0.27/turn    (no ring)
MPRegen 0.10/turn

%: reflection
@: no status effects
A: no striking features
a: no special abilities


You were on level 3 of the Dungeon.
You visited 1 branch of the dungeon, and saw 3 of its levels.

You collected 161 gold pieces.

Inventory:

Hand Weapons
 a - a +0 club (weapon)
Missiles
 j - 4 poisoned darts
Armour
 b - a +0 leather armour (worn)
 n - a +1 pair of gloves (worn)
Magical Staves
 i - a staff of earth
Jewellery
 f - an amulet of reflection (around neck)
 m - a +6 ring of dexterity (left hand)
Wands
 d - a wand of charming (13)
 o - a wand of digging (6)
Scrolls
 c - a scroll of enchant armour {unknown}
 g - a scroll of fear {unknown}
 k - a scroll of poison {unknown}
 l - a scroll of teleportation {unknown}
Potions
 h - a potion of curing {unknown}
 p - a potion of might {unknown}


   Skills:
 + Level 1.9 Fighting
 + Level 2.8 Maces & Flails
 - Level 2.0 Armour
 + Level 2.7 Dodging
 + Level 1.9 Stealth
 + Level 1.5 Shields
 + Level 4.2 Evocations


You had 5 spell levels left.
You didn't know any spells.
Your spell library was empty.

Dungeon Overview and Level Annotations

Branches:
Dungeon (3/15)

Altars:

Annotations:
D:1 exclusion: downstairs


Message History

The sleepcap is severely damaged.
The sleepcap barely misses you.
You hit the sleepcap.
The sleepcap is severely damaged.
The sleepcap releases spores at you.
You are engulfed in a cloud of soporific spores!
You fall asleep.
The sleepcap completely misses you. The sleepcap releases spores at you!
You wake up.
You hit the sleepcap but do no damage.
The sleepcap is severely damaged.
The sleepcap releases spores at you. You block the sleepcap's attack.
Unknown command.
You hit the sleepcap but do no damage.
The sleepcap is severely damaged.
The sleepcap misses you.
You hit the sleepcap.
The sleepcap is almost destroyed.
You block the sleepcap's attack.
You hit the sleepcap.
The sleepcap is almost destroyed.
The sleepcap closely misses you.
You hit the sleepcap but do no damage.
The sleepcap is almost destroyed.
The sleepcap releases spores at you!
You are engulfed in a cloud of soporific spores!
You fall asleep.
The sleepcap releases spores at you!
You wake up.
* * * LOW HITPOINT WARNING * * *
Unknown command.
Aiming: Charm
Press: ? - help, Shift-Dir - straight line, f/p - sleepcap
Aim: a sleepcap (almost destroyed, chance to affect: 67%)
The sleepcap struggles to resist.
The sleepcap releases spores at you but does no damage.
Unknown command.
You hit the sleepcap but do no damage.
The sleepcap is almost destroyed.
The sleepcap releases spores at you.
You die...

#..### # #.#.. ..####
#... #....###.<# ##r
.........# .>#.
##......# #.#.##
####.......#####.#..#
#....###......##.##.#
#@....###..##.##.#
#f##### ##....##..
#.. ##.)..... #...
###..#.. #.... #.....
####.# #.##†. +#
#..#.< ##.#.. .###


You could see a sleepcap.

Vanquished Creatures
  Sigmund (D:2)
  Jessica (D:2)
  3 adders (D:2)
  3 worms
  An orc (D:3)
  A bat (D:1)
  2 endoplasms
  3 giant cockroaches
  5 goblins
  8 hobgoblins
  7 jackals
  5 kobolds
  A quokka (D:2)
  A frilled lizard (D:1)
  2 rats
44 creatures vanquished.

Vanquished Creatures (others)
  A jackal (D:2)
1 creature vanquished.

Grand Total: 45 creatures vanquished

Notes
Turn   | Place    | Note
-------+----------+-------------------------------------------
     0 | D:1      | H0rd4k the Human Artificer began the quest for the Orb.
     0 | D:1      | Reached XP level 1. HP: 15/15 MP: 1/1
   118 | D:1      | Reached XP level 2. HP: 12/21 MP: 2/2
   241 | D:1      | Found a faded altar of an unknown god.
   958 | D:2      | Reached XP level 3. HP: 26/26 MP: 3/3
  1323 | D:2      | Reached skill level 1 in Maces & Flails
  1344 | D:2      | Reached XP level 4. HP: 12/32 MP: 4/4
  1505 | D:2      | Noticed Jessica
  1511 | D:2      | Killed Jessica
  1512 | D:2      | Reached skill level 1 in Shields
  1512 | D:2      | Reached XP level 5. HP: 35/37 MP: 5/5
  1612 | D:2      | Noticed Sigmund
  1616 | D:2      | Killed Sigmund
  1617 | D:2      | Reached skill level 4 in Evocations
  1617 | D:2      | Reached XP level 6. HP: 44/44 MP: 6/6
  1915 | D:3      | Slain by a sleepcap

Illustrated notes

Levels and vault maps discovered:
D:1:      minmay_arrival_arboretum_small, layout_basic,
          chequers_ecumenical_altar_island, minmay_pentomino_q4
D:2:      layout_rooms, hangedman_decor_clover_reticule,
          minmay_misc_feat_enclosed, st_stairs_10, uniq_jessica, uniq_sigmund
D:3:      layout_rooms, nicolae_ashenzari_skybound, tso_altar,
          mainiacjoe_overflow_cross_hatched, mainiacjoe_overflow_24_doors,
          kennysheep_nondescript

Skill      XL: |  1  2  3  4  5 |
---------------+----------------+-----
Maces & Flails | 1 2 |  2.8
Dodging        | 2 |  2.7
Shields        | 1 |  1.5
Evocations     | 4 |  4.2
Fighting       | |  1.9
Armour         | |  2.0
Stealth        | |  1.9

Action                     |  1- 3 |  4- 6 || total
---------------------------+-------+-------++-------
  Melee: Club              |   178 |    80 ||   258
         Punch             |       |     1 ||     1
  Evoke: Wand              |    10 |    12 ||    22
   Stab: Sleeping          |     2 |       ||     2
 Armour: Leather armour    |    55 |    12 ||    67
  Dodge: Dodged            |   123 |    37 ||   160
  Block: Other             |    30 |    11 ||    41
         Reflection        |       |     1 ||     1
